 Dungeon Crawl Stone Soup version 0.19.1-1-g22dce08 (webtiles) character file.

67 theAP the Skirmisher (level 4, 0/29 HPs)
             Began as a Gargoyle Fighter on Jan 17, 2017.
             Slain by a goblin
             ... wielding a +0 club
             ... led by Robin
              (1 damage)
             ... on level 2 of the Dungeon.
             The game lasted 00:02:45 (766 turns).

theAP the Skirmisher (Gargoyle Fighter)              Turns: 766, Time: 00:02:46

Health: 0/29       AC: 11    Str: 25    XL:     4   Next: 18%
Magic:  4/4        EV:  7    Int:  9    God:
Gold:   113        SH:  9    Dex:  9    Spells: 0 memorised, 3 levels left

rFire  . . .     SeeInvis .     a - +0 flail
rCold  . . .     Gourm    .     b - +0 scale mail
rNeg   + . .     Faith    .     c - +0 shield
rPois  ∞         Spirit   .     (no helmet)
rElec  +         Reflect  .     (no cloak)
rCorr  .         Harm     .     k - +0 pair of gloves (curse)
MR     +....                    (no boots)
Stlth  +.........               (no amulet)
                                j - ring of stealth
                                i - ring of protection from magic

@: mighty, hasted, very quick
A: negative energy resistance 1, electricity resistance, unbreathing,
petrification resistance, rot immunity, AC +3
a: no special abilities


You were on level 2 of the Dungeon.
You were not hungry.

You visited 1 branch of the dungeon, and saw 2 of its levels.

You collected 113 gold pieces.

Inventory:

Hand Weapons
 a - a +0 flail (weapon)
Armour
 b - a +0 scale mail (worn)
 c - a +0 shield (worn)
 k - a cursed +0 pair of gloves (worn)
Jewellery
 i - a ring of protection from magic (left hand)
 j - a ring of stealth (right hand)
Scrolls
 l - 3 scrolls of remove curse {unknown}
 o - a scroll of enchant weapon {unknown}
 q - a scroll of identify {unknown}
Potions
 e - a potion of flight {unknown}
 g - a potion of cancellation {unknown}
 h - a potion of haste
 m - a potion of lignification {unknown}
 p - a potion of degeneration {unknown}
Comestibles
 f - 3 bread rations
 r - a meat ration


   Skills:
 + Level 4.0 Fighting
 * Level 3.7 Maces & Flails
 - Level 3.2 Armour
 - Level 3.4 Shields


You had 3 spell levels left.
You didn't know any spells.

Dungeon Overview and Level Annotations

Branches:
Dungeon (2/15)

Altars:

Annotations:
D:2 Robin


Innate Abilities, Weirdness & Mutations

You are resistant to torment.
Your stone body is resilient. (AC +3)
You are immune to poison.
You resist negative energy. (rN+)
You are resistant to electric shocks. (rElec)
You can survive without breathing.
You are immune to petrification.
You are immune to rotting.


Message History

The goblin no longer looks unusually strong. x2
You block the goblin's attack. The goblin barely misses you. x2
The goblin hits you but does no damage.
You barely miss the goblin. The goblin barely misses you.
You block the goblin's attack. x2; The goblin hits you but does no damage.
The goblin barely misses you.
Robin roars a battlecry!
The goblins go into a battle-frenzy!
You miss the goblin.
The goblin no longer looks unusually strong.
You block the goblin's attack. x2; The goblin hits you but does no damage.
You block the goblin's attack. Robin hits you but does no damage.
The goblin hits you but does no damage. x2
You closely miss the goblin. The goblin hits you with a club.
* * * LOW HITPOINT WARNING * * *
The goblin closely misses you. Robin completely misses you.
The goblin hits you but does no damage. The goblin barely misses you.
It was a potion of haste.
You feel yourself speed up. The goblin hits you with a club.
You die...

#.# #....##..(.########
#.# ..##....##..# #.# .
####.######.###### ##.#
.< #...# #......# ...#
..% #.### ######.## ...#
.... #.# #... ...# #...
#.# ###. ...#
.#...g#g###### ##
...######.###.gg@g....#
##
...##......###ggg####..#
.. ......(....# ##.g# ..
...#.......# #..# ###++
##.##......# #... #....
##.##..)...# ..#. #....
#.###..#### #.# . ###
##.+...≈ #)###..####...
##.....##..+..≈.
#...........#
##..........#....


You could see Robin and 8 goblins.

Vanquished Creatures
  2 adders (D:2)
  A worm (D:2)
  4 dart slugs
  2 leopard geckos (D:1)
  2 giant cockroaches (D:1)
  6 goblins
  A hobgoblin (D:2)
  A ball python (D:1)
  3 bats
  6 frilled lizards
  6 kobolds
  5 rats
39 creatures vanquished.

Notes
Turn   | Place    | Note
-------+----------+-------------------------------------------
     0 | D:1      | theAP the Gargoyle Fighter began the quest for the Orb.
     0 | D:1      | Reached XP level 1. HP: 14/14 MP: 1/1
    66 | D:1      | Reached XP level 2. HP: 18/19 MP: 2/2
   296 | D:1      | Reached XP level 3. HP: 24/24 MP: 3/3
   642 | D:2      | Reached skill level 4 in Fighting
   642 | D:2      | Reached XP level 4. HP: 24/29 MP: 4/4
   747 | D:2      | Noticed Robin
   765 | D:2      | HP: 1/29 [goblin/club[Robin] (4)]
   766 | D:2      | Slain by a goblin

Skill      XL: |  1  2  3 |
---------------+----------+-----
Maces & Flails | 3 |  3.7
Fighting       | 4 |  4.0
Armour         | |  3.2
Shields        | |  3.4

Action                   |  1- 3 |  4- 6 || total
-------------------------+-------+-------++-------
Melee: Flail             |   151 |    19 ||   170
  Use: Potion            |       |     2 ||     2
Armor: Scale mail        |    99 |    23 ||   122
Dodge: Dodged            |    51 |    20 ||    71
Block: Shield            |    76 |    31 ||   107
